 Dungeon Crawl Stone Soup version 0.19-a0-1320-g0178847 (webtiles) character file.

476 Amnesiac the Caller (level 7, -1/36 HPs)
             Began as a Tengu Summoner on Aug 31, 2016.
             Was an Initiate of Okawaru.
             Shot with an arrow by a centaur (12 damage)
             ... on level 6 of the Dungeon.
             The game lasted 00:09:52 (4124 turns).

Amnesiac the Caller (Tengu Summoner)                Turns: 4124, Time: 00:09:53

Health: -1/36      AC:  3    Str:  8    XL:     7   Next: 10%
Magic:  12/12      EV: 13    Int: 16    God:    Okawaru [......]
Gold:   214        SH:  0    Dex: 16    Spells: 3 memorised, 4 levels left

rFire  . . .     SeeInvis .     s - +0 spear
rCold  . . .     Gourm    .     a - +0 robe
rNeg   . . .     Faith    .     (no shield)
rPois  .         Spirit   .     (helmet restricted)
rElec  .         Dismiss  .     i - +0 cloak
rCorr  +         Reflect  .     (no gloves)
MR     .....     Harm     .     (boots unavailable)
Stlth  ++........               (no amulet)
                                (no ring)
                                n - ring of resist corrosion

@: no status effects
A: beak, talons 3, able to fly 1
a: Fly, Renounce Religion


You were on level 6 of the Dungeon.
You worshipped Okawaru.
Okawaru was noncommittal.
You were not hungry.

You visited 2 branches of the dungeon, and saw 7 of its levels.

You collected 214 gold pieces.

Inventory:

Hand Weapons
 s - a +0 spear (weapon)
Missiles
 C - 6 curare-tipped needles
Armour
 a - a +0 robe (worn)
 i - a +0 cloak (worn)
 l - a cursed +0 leather armour
 B - a +2 buckler
Magical Staves
 y - an uncursed staff of death
Jewellery
 n - a ring of resist corrosion (left hand)
Wands
 h - a wand of random effects (8/48)
 p - a wand of lightning (7/15)
 x - a wand of confusion (19/48)
Scrolls
 d - 4 scrolls of identify {unknown}
 f - 2 scrolls of teleportation {unknown}
 j - a scroll of fog {unknown}
 k - a scroll of recharging {unknown}
 m - a scroll of immolation {unknown}
 r - a scroll of remove curse {unknown}
 v - a scroll of amnesia {unknown}
 w - a scroll of holy word {unknown}
Potions
 e - a potion of agility {unknown}
 g - a potion of flight {unknown}
 o - a potion of brilliance {unknown}
 q - a potion of lignification {unknown}
Books
 b - a book of Callings

   Spells                             Type                      Level
   a - Summon Small Mammal            Summoning                    1
   b - Call Imp                       Summoning                    2
   c - Call Canine Familiar           Summoning                    3
   d - Summon Guardian Golem          Hexes/Summoning              3
   e - Summon Lightning Spire         Summoning/Air                4
   f - Summon Ice Beast               Ice/Summoning                4
 u - a book of Misfortune

   Spells                             Type                      Level
   a - Confusing Touch                Hexes                        1
   b - Confuse                        Hexes                        3
   c - Gell's Gravitas                Hexes/Translocation          3
   d - Petrify                        Transmutation/Earth          4
   e - Metabolic Englaciation         Hexes/Ice                    5
   f - Yara's Violent Unravelling     Hexes/Transmutation          5
Comestibles
 c - 2 bread rations
 t - a royal jelly
 z - 7 fruits
 A - 5 chunks of flesh


   Skills:
 + Level 0.0 Fighting
 - Level 4.2 Polearms
 - Level 2.1 Dodging
 - Level 2.0 Stealth
 - Level 3.1 Spellcasting
 - Level 6.5 Summonings
 - Level 4.5 Air Magic


You had 4 spell levels left.
You knew the following spells:

 Your Spells              Type           Power        Failure   Level  Hunger
a - Summon Lightning Spi  Summ/Air       ###.....     21%         4    ####...
f - Call Canine Familiar  Summ           ###.....     4%          3    ###....
z - Summon Small Mammal   Summ           ###.         1%          1    None


Dungeon Overview and Level Annotations

Branches:
Dungeon (6/15)             Temple (1/1) D:6

Altars:
Cheibriados
Dithmenos
Elyvilon
Fedhas
Gozag
Hepliaklqana
Kikubaaqudgha
Nemelex Xobeh
Okawaru
Qazlal
Ru
Sif Muna
Trog
Yredelemnul
Zin
The Shining One

Annotations:
D:3 Natasha


Innate Abilities, Weirdness & Mutations

You have a beak for a mouth.
You have claws for feet.
You can fly.


Message History

There is an open door here.
Found a war axe.
You hear the rapid rusting of a very distant drain.
There is a stone staircase leading down here.
You see here 6 curare-tipped needles.
C - 6 curare-tipped needles
There is a staircase to the Ecumenical Temple here.
Found a quarterstaff.
You see here a quarterstaff.
Found a wand of random effects.
A giant gecko comes into view.
A centaur comes into view.
The centaur moves out of view.
The centaur shouts!
The centaur wields a shortbow.
The centaur shoots an arrow.
The arrow hits you!
You see here an arrow.
The centaur shoots an arrow.
The arrow hits you!
You see here an arrow.
The centaur shoots an arrow.
The arrow hits you!
You die...

######'######.# #...#.. #.#
#....# #.#.### ###.#
#.################.#.### #...#
#.##...............)....
###.###.##........############
#...#.##........#
###.#.##.....(..+
#...##....(...###
######...@..l/....
#............. #########.....
..c.. ..... ....


You could see a centaur and a giant gecko.

Vanquished Creatures
  A hound (D:5)
  A dart slug (D:4)
  A giant gecko (D:4)
  2 ball pythons (D:5)
  A bat (D:2)
  A giant cockroach (D:4)
  2 goblins
  2 jackals
  A quokka (D:3)
  A giant gecko skeleton (D:5)
  A quokka skeleton (D:6)
14 creatures vanquished.

Vanquished Creatures (collateral kills)
  A hungry ghost (D:6)
  An ice beast (D:4)
  A phantom (D:5)
  2 ogres
  Blork the orc (D:4)
  A howler monkey (D:4)
  A crimson imp (D:3)
  A hound (D:4)
  A gnoll shaman (D:4)
  Natasha (D:3)
  A hound skeleton (D:4)
  3 adders
  4 gnolls (D:4)
  A shadow imp (D:6)
  4 worms
  3 dart slugs
  A ball python (D:2)
  2 bats (D:3)
  2 giant cockroaches
  A goblin (D:1)
  2 hobgoblins
  4 jackals
  2 kobolds (D:2)
  2 quokkas
  A ball python skeleton (D:3)
  A giant newt (D:2)
45 creatures vanquished.

Grand Total: 59 creatures vanquished

Notes
Turn   | Place    | Note
-------+----------+-------------------------------------------
     0 | D:1      | Amnesiac the Tengu Summoner began the quest for the Orb.
     0 | D:1      | Reached XP level 1. HP: 10/10 MP: 4/4
   264 | D:1      | Reached skill level 5 in Summonings
   560 | D:2      | Reached XP level 2. HP: 15/15 MP: 0/6
   693 | D:2      | Found a sacrificial altar of Ru.
   851 | D:2      | Reached XP level 3. HP: 6/19 MP: 1/7
   909 | D:2      | Learned a level 3 spell: Call Canine Familiar
  1124 | D:3      | Found an ancient bone altar of Kikubaaqudgha.
  1169 | D:3      | Noticed Natasha
  1181 | D:3      | Killed Natasha
  1181 | D:3      | Reached skill level 6 in Summonings
  1181 | D:3      | Reached XP level 4. HP: 2/24 MP: 2/9
  1247 | D:3      | Noticed Natasha
  1469 | D:4      | Learned a level 4 spell: Summon Lightning Spire
  1524 | D:4      | Noticed an ogre
  1548 | D:4      | Killed an ogre
  1790 | D:4      | Reached skill level 1 in Air Magic
  1790 | D:4      | Gained mutation: You can fly. [Tengu growth]
  1790 | D:4      | Reached XP level 5. HP: 21/28 MP: 6/10
  2218 | D:4      | Noticed Blork the orc
  2231 | D:4      | Killed Blork the orc
  2231 | D:4      | Reached XP level 6. HP: 21/32 MP: 0/11
  2404 | D:4      | Noticed an ice beast
  2428 | D:4      | Killed an ice beast
  2428 | D:4      | Reached skill level 1 in Polearms
  2642 | D:5      | Entered Level 5 of the Dungeon
  2656 | D:5      | Noticed a phantom
  2685 | D:5      | Killed a phantom
  2810 | D:5      | Found a glowing golden altar of the Shining One.
  3595 | D:6      | Noticed a hungry ghost
  3603 | D:6      | Killed a hungry ghost
  3669 | D:6      | Found a blossoming altar of Fedhas.
  3710 | D:6      | Found a staircase to the Ecumenical Temple.
  3715 | Temple   | Entered the Ecumenical Temple
  3914 | Temple   | Became a worshipper of Warmaster Okawaru
  3955 | D:6      | Reached XP level 7. HP: 24/36 MP: 8/12
  3980 | D:6      | Found a basalt altar of Yredelemnul.
  4124 | D:6      | Shot with an arrow by a centaur

Vault maps used:
D:1:      dpeg_arrival_court, minmay_misc_feat_tiny
D:2:      nicolae_ru_great_annihilating_truth, uniq_terence
D:3:      nicolae_overflow_crystal_walls, uniq_grinder, uniq_natasha,
          uniq_jessica, uniq_crazy_yiuf_cottage
D:4:      uniq_blork_the_orc
D:5:      old_standard_altar, first_bread, minmay_misc_feat_secret_circle
D:6:      lemuel_round_altar, portal_sewer_entry_d, fedhas_altar_fruit_tree
Temple:   nicolae_temple_figure_eight

Skill      XL: |  1  2  3  4  5  6  7 |
---------------+----------------------+-----
Summonings     | 5 6 |  6.5
Spellcasting   | 3 |  3.1
Air Magic      | 1 4 |  4.5
Polearms       | 3 4 |  4.2
Dodging        | |  2.1
Stealth        | |  2.0

Action                   |  1- 3 |  4- 6 |  7- 9 || total
-------------------------+-------+-------+-------++-------
Melee: Unarmed           |     4 |       |       ||     4
       Peck              |     2 |    11 |     1 ||    14
       Whip              |    22 |    10 |       ||    32
       Kick              |     2 |    16 |       ||    18
       Spear             |       |    58 |     6 ||    64
 Cast: Summon Small Mamm |    46 |     5 |       ||    51
       Call Canine Famil |     2 |    15 |       ||    17
       Summon Lightning  |       |     7 |     1 ||     8
 Stab: Paralysed         |     1 |       |       ||     1
       Distracted        |       |     1 |       ||     1
       Sleeping          |       |       |     1 ||     1
  Eat: Chunk             |     1 |     8 |     1 ||    10
       Meat ration       |       |     1 |       ||     1
Armor: Robe              |     8 |     5 |     1 ||    14
Dodge: Dodged            |    32 |    32 |       ||    64
